 Dungeon Crawl Stone Soup version 0.30.1-11-g7821555f0a (webtiles) character file.

Game seed: 8798924905565749939

30448 bosakos the Alchemist (level 13, -8/142 HPs)
             Began as an Octopode Venom Mage on Dec 30, 2023.
             Was an Initiate of Gozag.
             Mangled by a ten-headed hydra (9 damage)
             ... on level 5 of the Lair of Beasts on Dec 31, 2023.
             The game lasted 00:55:03 (19871 turns).

bosakos the Alchemist (Octopode Venom Mage)        Turns: 19871, Time: 00:55:05

Health: -8/142     AC: 20    Str: 23    XL:     13   Next: 51%
Magic:  13/20      EV:  8    Int: 23    God:    Gozag
Gold:   2994       SH:  0    Dex: 18    Spells: 3/22 levels left

rFire   + +          .
                       - Unarmed
rCold   x . .        (shield currently unavailable)
rNeg    + . .        (helmet currently unavailable)
rPois   +            (no amulet)
rElec   .            g - ring of positive energy
rCorr   +            h - +4 ring of protection
SInv    .            o - +6 ring of dexterity
Will    .....        p - ring of resist corrosion
Stlth   ++           j - +4 ring of slaying
HPRegen 0.43/turn    w - +6 ring of strength
MPRegen 0.17/turn    d - ring of wizardry
                     (no ring)

%: wizardry (x1)
@: mighty, lethally poisoned (-8 -> -14), dragon-form, flying
A: dragon claw, dragon scales, breathe fire, flying, boosted hp, almost no
armour, amphibious, 8 rings, giant, (camouflage 1), (gelatinous body 1), (nimble
swimmer 1), (tentacles)
a: Breathe Fire, End Transformation, Renounce Religion, Potion Petition, Call
Merchant, Bribe Branch


You were on level 5 of the Lair of Beasts.
You worshipped Gozag.
Gozag was most pleased with you.
You were a fearsome dragon!
You visited 3 branches of the dungeon, and saw 16 of its levels.

You collected 3515 gold pieces.
You spent 488 gold pieces at shops.
You paid 33 gold pieces to Gozag.

Inventory:

Missiles
 i - 9 curare-tipped darts
 s - 5 throwing nets
Armour
 k - an orb of energy
Jewellery
 d - a ring of wizardry (on tentacle)
 g - a ring of positive energy (left foreclaw)
 h - a +4 ring of protection (right foreclaw)
 j - a +4 ring of slaying (on tentacle)
 o - a +6 ring of dexterity (on tentacle)
 p - a ring of resist corrosion (on tentacle)
 w - a +6 ring of strength (on tentacle)
 G - a +6 ring of strength
Wands
 E - a wand of quicksilver (10)
 F - a wand of flame (9)
 H - a wand of iceblast (5)
 N - a wand of mindburst (11)
Scrolls
 e - 2 scrolls of magic mapping
 l - a scroll of immolation
 n - 5 scrolls of enchant armour
 q - 2 scrolls of vulnerability
 r - 3 scrolls of fear
 u - 2 scrolls of teleportation
 x - a scroll of butterflies {unknown}
 y - 3 scrolls of enchant weapon
 C - 3 scrolls of blinking
 J - a scroll of amnesia {unknown}
 L - a scroll of fog
 O - a scroll of silence {unknown}
Potions
 a - 3 potions of magic
 b - 5 potions of brilliance
 c - 3 potions of mutation
 f - 7 potions of curing
 m - 6 potions of might
 t - 2 potions of haste {unknown}
 v - 6 potions of lignification
 z - 2 potions of heal wounds
 A - 3 potions of attraction {unknown}
 B - 2 potions of ambrosia
 D - 3 potions of cancellation {unknown}
 K - a potion of invisibility
 M - a potion of flight


   Skills:
 + Level 11.5 Fighting
 - Level 2.0 Dodging
 - Level 2.6 Stealth
 + Level 9.1 Unarmed Combat
 - Level 5.0 Spellcasting
 + Level 15.2 Transmutations
 - Level 9.0 Poison Magic


You had 3 spell levels left.
You knew the following spells:

 Your Spells              Type           Power      Damage    Failure   Level
a - Sting                 Tmut/Pois      100%       1d8       1%          1
b - Poisonous Vapours     Pois/Air       52%        N/A       1%          2
c - Olgreb's Toxic Radia  Pois           47%        N/A       1%          4
d - Dragon Form           Tmut           33%        N/A       6%          7
e - Yara's Violent Unrav  Hex/Tmut       20%        3d9       4%          5

Your spell library contained the following spells:

 Spells                   Type           Power      Damage    Failure   Level
 Mephitic Cloud           Conj/Pois/Air  19%        N/A       3%          3
 Magic Dart               Conj           20%        1d4       4%          1
 Call Imp                 Summ           10%        N/A       6%          2
 Inner Flame              Hex/Fire       5%         N/A       12%         3
 Ozocubu's Armour         Ice            5%         N/A       12%         3
 Tukima's Dance           Hex            5%         N/A       12%         3
 Volatile Blastmotes      Fire/Tloc      10%        2d10      12%         3
 Cause Fear               Hex            2%         N/A       34%         4
 Fulminant Prism          Conj/Hex       2%         3d5       34%         4
 Iskenderun's Mystic Bla  Conj/Tloc      5%         2d3       34%         4
 Passage of Golubria      Tloc           5%         N/A       34%         4
 Lee's Rapid Deconstruct  Erth           2%         3d5*      67%         5
 Metabolic Englaciation   Hex/Ice        2%         N/A       67%         5
 Enfeeble                 Hex            2%         N/A       100%        7
 Dragon's Call            Summ           2%         N/A       100%        9
 Simulacrum               Ice/Necr       Unusable   N/A       N/A         6

Dungeon Overview and Level Annotations

Branches:
Dungeon (10/15)            Temple (1/1) D:5            Lair (5/5) D:10
 Shoals (0/4) Lair:3       Spider (0/4) Lair:3        Slime (0/5) Lair:4
    Orc: D:9-12

Altars:
Ashenzari
Cheibriados
Dithmenos
Elyvilon
Fedhas
Gozag
Hepliaklqana
Kikubaaqudgha
Nemelex Xobeh
Qazlal
Sif Muna
Trog
Vehumet
Wu Jian
Yredelemnul
The Shining One
Jiyva

Shops:
D:1 !(:*   D:3 :*   D:7 *


Innate Abilities, Weirdness & Mutations

You are a fearsome dragon!
You have a powerful clawing attack.
Your giant scaled body is strong and resiliant, but less evasive.
You can breathe fire.
You are flying.
Your maximum health is greatly increased.
Your armour is entirely melded.
You are incapable of wielding weapons or throwing items.
You cannot wear most types of armour.
You are amphibious.
You can wear up to eight rings at the same time.
((Your skin changes colour to match your surroundings (Stealth+).))
((Your rubbery body absorbs attacks. (AC +1, EV +1)))
((You are camouflaged when in or above water. (Stealth+)))
((You have tentacles for arms and can constrict up to eight enemies at once.))


Message History

You feel much better. The cane toad stings you!
You are poisoned.
The cane toad poisons you!
The nine-headed hydra bites you but does no damage.
The nine-headed hydra bites you!
* * * LOW HITPOINT WARNING * * *
The nine-headed hydra closely misses you.
The nine-headed hydra bites you!
* * * LOW HITPOINT WARNING * * *
The nine-headed hydra barely misses you. x2
The nine-headed hydra bites you but does no damage. x3
The cane toad closely misses you.
As you read the scroll of fear, it crumbles to dust.
You assume a fearsome visage.
The water moccasin looks frightened!
The water moccasin hisses angrily.
The nine-headed hydra resists with almost no effort.
The black mamba looks frightened!
The water moccasin looks frightened!
The cane toad looks frightened!
You feel very sick.
A komodo dragon comes into view.
The nine-headed hydra closely misses you.
The nine-headed hydra bites you!
* * * LOW HITPOINT WARNING * * *
The nine-headed hydra bites you!
* * * LOW HITPOINT WARNING * * *
The nine-headed hydra bites you but does no damage.
The nine-headed hydra bites you!
* * * LOW HITPOINT WARNING * * *
The nine-headed hydra barely misses you.
The nine-headed hydra bites you but does no damage. x3
Okay, then.
The komodo dragon hisses angrily.
You claw one of the nine-headed hydra's heads off!
The eight-headed hydra grows two more!
You claw the ten-headed hydra! You bite the ten-headed hydra!
The ten-headed hydra is moderately wounded.
* * * LOW HITPOINT WARNING * * *
You feel sick. The ten-headed hydra bites you!
You die...
Your body crumbles into a pile of gold.

..S . ....#
..PP .#....#
P.P.. ##..#...#
.....## .#.P..#
.....l. #S...#
..#....##S...#
....P.....P..##
....##...D)...#
. #..PF.D<.#.#
#........#
#.....#?.#
#....##.##
##..##### #.##
##


You could see a ten-headed hydra, a komodo dragon, a black mamba (fleeing), a
cane toad (fleeing) and a water moccasin (fleeing).

Vanquished Creatures
  Josephine (Lair:4)
  Harold (D:10)
  A hydra (Lair:4)
  4 two-headed ogres
  A boulder beetle (Lair:4)
  Erica (D:8)
  Urug (Lair:1)
  Sonja (Lair:3)
  Amaemon (D:8)
  Pikel (D:5)
  4 oklob plants (Lair:1)
  4 black mambas
  2 merfolk sirens (Lair:3)
  4 elephants (Lair:2)
  An orange demon (D:8)
  5 cane toads
  5 komodo dragons
  2 rime drakes (Lair:1)
  A merfolk (Lair:3)
  4 polar bears
  Prince Ribbit (D:5)
  7 dream sheep (Lair:3)
  A vampire (D:8)
  A shadow (D:10)
  4 wraiths (Lair:4)
  19 yaks
  2 wyverns
  Grum (D:8)
  A basilisk (Lair:1)
  A steam dragon (D:7)
  Edmund (D:4)
  A redback (Lair:3)
  13 water moccasins
  An acid dragon (D:9)
  4 orc warriors
  2 black bears (D:10)
  2 sky beasts
  4 ice beasts
  4 wolves
  3 centaurs
  A phantom (D:6)
  2 lemures (D:5)
  4 kobold brigands
  Blork the orc (D:5)
  13 bullfrogs
  2 gnoll sergeants (D:8)
  4 scorpions
  5 wights (D:9)
  12 killer bees (D:9)
  5 electric eels
  3 howler monkeys
  2 gnoll boudas
  7 orc priests
  2 hounds
  14 jellies (Lair:4)
  3 sleepcaps
  4 iguanas
  19 orc wizards
  A centaur simulacrum (D:10)
  23 gnolls
  7 adders
  3 white imps
  2 ufetubi (D:10)
  2 worms
  3 dart slugs
  29 orcs
  3 endoplasms
  4 giant cockroaches
  6 goblins
  11 hobgoblins
  3 jackals (D:5)
  2 quokkas
  7 ball pythons
  2 bats
  5 frilled lizards (D:1)
  28 kobolds
  3 rats
  3 butterflies
368 creatures vanquished.

Vanquished Creatures (others)
  A jelly (Lair:4)
1 creature vanquished.

Grand Total: 369 creatures vanquished

Notes
Turn   | Place    | Note
-------+----------+-------------------------------------------
     0 | D:1      | bosakos the Octopode Venom Mage began the quest for the
                  | Orb.
     0 | D:1      | Reached XP level 1. HP: 11/11 MP: 3/3
   173 | D:1      | Found Fuerixon's Weapon Boutique.
   184 | D:1      | Reached XP level 2. HP: 11/17 MP: 1/5
   552 | D:1      | Found Coggei's Book Emporium.
   670 | D:1      | Reached XP level 3. HP: 21/21 MP: 4/6
   851 | D:1      | Found Eneil Coadgh's Distillery.
   871 | D:1      | Bought a potion of curing for 36 gold pieces
  1134 | D:1      | Found Ojorozuf's General Store.
  1220 | D:1      | Bought a potion of degeneration for 14 gold pieces
  1262 | D:2      | Learned a level 2 spell: Poisonous Vapours
  1922 | D:3      | Reached skill level 2 in Transmutations
  2080 | D:3      | Found Cuqeppud's Book Shoppe.
  2149 | D:3      | Reached XP level 4. HP: 27/27 MP: 2/8
  2292 | D:3      | Identified the +1 pair of gloves "Kicodgh" {Rampage Int-2
                  | SInv}
  2598 | D:3      | Found a hazy altar of Hepliaklqana.
  2962 | D:3      | Reached XP level 5. HP: 23/31 MP: 1/9
  3054 | D:3      | Reached skill level 5 in Poison Magic
  3315 | D:3      | Found Gozag's Platinum Reserve.
  3315 | D:3      | Found an opulent altar of Gozag.
  3435 | D:3      | Became a worshipper of Gozag Ym Sagoz the Greedy
  3504 | D:4      | Reached skill level 3 in Transmutations
  3734 | D:4      | Reached XP level 6. HP: 34/36 MP: 7/11
  3948 | D:4      | Learned a level 4 spell: Olgreb's Toxic Radiance
  4094 | D:4      | Reached XP level 7. HP: 33/41 MP: 11/13
  4376 | D:4      | Found a shadowy altar of Dithmenos.
  4577 | D:4      | Noticed Edmund
  4605 | D:4      | Killed Edmund
  4606 | D:4      | Reached skill level 5 in Spellcasting
  4963 | D:5      | Entered Level 5 of the Dungeon
  5008 | D:5      | Noticed Pikel
  5019 | D:5      | Reached skill level 1 in Fighting
  5031 | D:5      | Killed Pikel
  5032 | D:5      | Reached XP level 8. HP: 51/54 MP: 4/15
  5129 | D:5      | Noticed Blork the orc
  5145 | D:5      | Killed Blork the orc
  5242 | D:5      | Found a staircase to the Ecumenical Temple.
  5261 | Temple   | Entered the Ecumenical Temple
  5509 | D:5      | Found a broken altar of Ashenzari.
  5510 | D:5      | Noticed Prince Ribbit
  5517 | D:5      | Killed Prince Ribbit
  5739 | D:5      | Reached XP level 9. HP: 62/62 MP: 16/16
  6275 | D:6      | Reached skill level 4 in Transmutations
  6665 | D:6      | Reached skill level 5 in Transmutations
  7004 | D:7      | Reached skill level 6 in Transmutations
  7237 | D:7      | Found Tosaex's Gadget Gallery.
  7385 | D:7      | Reached skill level 7 in Transmutations
  7818 | D:7      | Found a shimmering blue altar of Sif Muna.
  8006 | D:7      | Found a blossoming altar of Fedhas.
  8007 | D:7      | Found an ancient bone altar of Kikubaaqudgha.
  8214 | D:8      | Reached skill level 8 in Transmutations
  8223 | D:8      | Reached XP level 10. HP: 60/71 MP: 10/17
  8328 | D:8      | Found a radiant altar of Vehumet.
  8458 | D:8      | Noticed Grum
  8472 | D:8      | Killed Grum
  8473 | D:8      | Reached skill level 9 in Transmutations
  8522 | D:8      | Noticed Erica
  8560 | D:8      | Killed Erica
  8617 | D:8      | Found a bloodstained altar of Trog.
  8632 | D:8      | Reached skill level 10 in Transmutations
  9235 | D:8      | Found a snail-covered altar of Cheibriados.
  9260 | D:8      | Noticed Amaemon
  9260 | D:8      | Noticed an orange demon
  9280 | D:8      | Killed an orange demon
  9314 | D:8      | Killed Amaemon
  9315 | D:8      | Reached skill level 11 in Transmutations
  9830 | D:8      | Noticed a two-headed ogre
  9866 | D:8      | Killed a two-headed ogre
  9867 | D:8      | Reached skill level 12 in Transmutations
 10172 | D:9      | Found a white marble altar of Elyvilon.
 10186 | D:9      | Reached XP level 11. HP: 67/75 MP: 13/18
 10250 | D:9      | Noticed a two-headed ogre
 10347 | D:9      | Killed a two-headed ogre
 10609 | D:8      | Learned a level 7 spell: Dragon Form
 10696 | D:9      | Reached skill level 13 in Transmutations
 10976 | D:9      | Reached skill level 1 in Unarmed Combat
 11434 | D:10     | Entered Level 10 of the Dungeon
 11473 | D:10     | Found a stormy altar of Qazlal.
 11493 | D:10     | Noticed a two-headed ogre
 11522 | D:10     | Killed a two-headed ogre
 11842 | D:10     | Found a staircase to the Lair.
 11896 | D:10     | Noticed Harold
 11913 | D:10     | Killed Harold
 12203 | D:8      | HP: 1/76 [yak (6)]
 12948 | D:10     | Found a sparkling altar of Nemelex Xobeh.
 12994 | D:10     | Found a basalt altar of Yredelemnul.
 13289 | D:10     | Found a glowing golden altar of the Shining One.
 13391 | D:10     | Noticed a two-headed ogre
 13403 | D:10     | Killed a two-headed ogre
 13623 | D:10     | Found an ornate altar of the Wu Jian Council.
 13945 | D:10     | Reached XP level 12. HP: 84/84 MP: 11/19
 13985 | Lair:1   | Entered Level 1 of the Lair of Beasts
 14146 | Lair:1   | Found an opulent altar of Gozag.
 14149 | Lair:1   | Noticed Urug
 14155 | Lair:1   | Reached skill level 5 in Unarmed Combat
 14158 | Lair:1   | Killed Urug
 14188 | Lair:1   | Reached skill level 14 in Transmutations
 15065 | Lair:1   | Identified the +9 trident "Kychoekh" {drain, *Corrode rN++
                  | Int+3 Dex+3}
 15307 | D:1      | Bought a potion of curing for 36 gold pieces
 15307 | D:1      | Bought a potion of invisibility for 96 gold pieces
 15307 | D:1      | Bought a potion of heal wounds for 60 gold pieces
 15307 | D:1      | Bought a potion of lignification for 36 gold pieces
 15379 | D:1      | Bought a potion of ambrosia for 112 gold pieces
 15379 | D:1      | Bought a scroll of fog for 56 gold pieces
 15379 | D:1      | Bought a potion of flight for 42 gold pieces
 15714 | Lair:2   | Reached skill level 10 in Fighting
 16703 | Lair:2   | Reached XP level 13. HP: 42/93 MP: 20/20
 17204 | Lair:3   | Noticed Sonja
 17216 | Lair:3   | Killed Sonja
 17360 | Lair:3   | Found a hole to the Spider Nest.
 17368 | Lair:3   | Reached skill level 15 in Transmutations
 17850 | Lair:3   | Found a staircase to the Shoals.
 18843 | Lair:4   | Found a staircase to the Slime Pits.
 18843 | Lair:4   | Found a viscous altar of Jiyva.
 18889 | Lair:4   | Noticed Josephine
 18897 | Lair:4   | Killed Josephine
 19609 | Lair:5   | Entered Level 5 of the Lair of Beasts
 19610 | Lair:5   | Identified the +3 short sword "Taclo" {holy, rC+ Will+
                  | Dex-5}
 19851 | Lair:4   | Learned a level 5 spell: Yara's Violent Unravelling
 19870 | Lair:5   | HP: 2/142 [nine-headed hydra (8)]
 19871 | Lair:5   | Mangled by a ten-headed hydra

Illustrated notes

Levels and vault maps discovered:
D:1:      amcnicky_arrival_gap_in_the_tavern_cellar, layout_basic, serial_shops,
          shop, nicolae_shop_bloodbath_and_beyond, nicolae_shop_window_shopping,
          shop, minmay_crystal_room, nicolae_figureground_pulse
D:2:      layout_loops_cross
D:3:      layout_basic, worldfamousw_hep_ancestral_shrine,
          nicolae_gozag_zags_fifth_avenue, serial_shops,
          nicolae_shop_rolling_square, kennysheep_generic_room_5
D:4:      nicolae_cairo_tiling_large, layout_loops_corners,
          mainiacjoe_overflow_alcove_2, minmay_hedge_maze, uniq_edmund
D:5:      layout_rooms, cheibrodos_ashenzari_chains,
          minmay_temple_entry_slanted, uniq_blork_the_orc, uniq_pikel,
          uniq_prince_ribbit1
D:6:      layout_loops_ring, serial_bayou_lagoon_b
D:7:      layout_rooms, grunt_temple_overflow_growth_and_decay, led_sif_pool,
          roderic_lattice_a, dreamdust_wishing_well, nicolae_shop_gadgets
D:8:      layout_basic, overflow_temple_1_default, trog_three_pillars_becter,
          mainiacjoe_overflow_alcove_4, kennysheep_generic_room_4, uniq_grum,
          uniq_amaemon, uniq_erica
D:9:      layout_basic, nicolae_elyvilon_peaceful_grove, serial_rivers,
          chequers_serial_rivers_micro_a, chequers_serial_rivers_micro_e,
          chequers_serial_rivers_micro_b, chequers_serial_rivers_micro_b,
          chequers_serial_rivers_small_a
D:10:     layout_layer_cave, nicolae_qazlal_eye_of_the_storm,
          mainiacjoe_overflow_brackets, lemuel_tele_altar,
          nicolae_wu_jian_glorious_leap, lemuel_doored_altar,
          due_lair_maze_entry_diamond, serial_ice, serial_ice_n, serial_ice_m,
          serial_ice_h, serial_ice_e, serial_ice_o, serial_ice_l, serial_ice_c,
          uniq_harold
Temple:   hellmonk_temple_flake
Lair:1:   minmay_lair_oklob_chamber, layout_cave_shapes, basic_altar,
          infiniplex_staircase_pool_2, lemuel_fruit_fields, lemuel_fruit_fields,
          uniq_urug
Lair:2:   layout_gridlike, grunt_megastairs_4, lemuel_fruit_fields
Lair:3:   layout_layer_cave, elwin_shoals_entry_rooms, spider_nest_entry_webs,
          uniq_sonja
Lair:4:   layout_hall_layers, minmay_slime_entry_jelly_boxes,
          gammafunk_lair_bear_cave, uniq_josephine
Lair:5:   evilmike_catoblepas_cave, layout_misc_corridors, minivault_23,
          fungi_pond_lemuel

Skill      XL: |  1  2  3  4  5  6  7  8  9 10 11 12 13 |
---------------+----------------------------------------+-----
Poison Magic   | 4 5 6 8 9 |  9.0
Transmutations | 2 3 8 12 13 14 15 | 15.2
Spellcasting   | 3 4 5 |  5.0
Fighting       | 3 6 7 8 10 11 | 11.5
Unarmed Combat | 4 7 9 |  9.1
Dodging        | |  2.0
Stealth        | |  2.6

Action                     |  1- 3 |  4- 6 |  7- 9 | 10-12 | 13-15 || total
---------------------------+-------+-------+-------+-------+-------++-------
  Melee: Unarmed           |    77 |     6 |       |    50 |    67 ||   200
         Constrict         |    24 |    10 |    24 |    34 |     7 ||    99
         Tentacles         |    24 |     7 |    26 |    60 |    11 ||   128
         Punch             |     2 |       |     2 |     9 |     4 ||    17
         Flail             |       |    31 |   104 |   189 |    31 ||   355
         Bite              |       |       |       |     8 |    10 ||    18
         Tailslap          |       |       |       |     8 |     8 ||    16
   Cast: Sting             |    31 |    38 |     8 |    24 |       ||   101
         Poisonous Vapours |     3 |    26 |    22 |     9 |       ||    60
         Olgreb's Toxic Ra |       |     2 |    22 |    68 |     7 ||    99
         Dragon Form       |       |       |       |     5 |     8 ||    13
  Evoke: Wand              |       |       |       |     7 |       ||     7
    Use: Scroll            |       |     2 |     7 |     6 |     4 ||    19
         Potion            |       |     1 |       |     1 |     5 ||     7
   Stab: Sleeping          |     7 |       |     3 |     4 |     5 ||    19
         Distracted        |       |       |     1 |     1 |       ||     2
 Armour: Skin              |     8 |    15 |    45 |    95 |    57 ||   220
  Dodge: Dodged            |    41 |    36 |    82 |   161 |    60 ||   380
